 Seeded DCSS version 0.28.0-62-gf88900778d (webtiles) character file.

Game seed: 13591998346360536447 (custom seed)

46 Psyclone the Conjurer (level 3, 19/19 HPs)
             Began as a Deep Elf Conjurer on Oct 30, 2023.
             Quit the game on level 4 of the Dungeon.
             The game lasted 00:00:19 (549 turns).

Psyclone the Conjurer (Deep Elf Conjurer)            Turns: 549, Time: 00:00:20

Health: 19/19      AC:  7    Str:  7    XL:     3   Next: 46%
Magic:  16/18      EV: 13    Int: 30    God:
Gold:   1385       SH:  0    Dex: 17    Spells: 5/8 levels left

rFire   + + .      SeeInvis .   f - +3 Elemental Staff {rElec rF++ rC++ AC+5}
rCold   + + .      Faith    .   (no shield)
rNeg    . . .      Spirit   .   a - +0 robe
rPois   +          Reflect  .   (no helmet)
rElec   +          Harm     .   (no cloak)
rCorr   .          Rampage  .   (no gloves)
Will    +....                   (no boots)
Stlth   ++........              (no amulet)
HPRegen 0.06/turn               g - ring of Leaves {rPois MP+9 Str+3 Int+6 Dex+4}
MPRegen 0.16/turn               (no ring)

@: no status effects
A: strong-willed 1, wild magic 1, MP-powered wands, devolution 1
a: no special abilities


You were on level 4 of the Dungeon.
You visited 1 branch of the dungeon, and saw 4 of its levels.

You collected 1385 gold pieces.

Inventory:

Hand Weapons
 b - a +0 dagger
 f - the +3 Elemental Staff (weapon) {rElec rF++ rC++ AC+5}
   (You acquired it on level 4 of the Dungeon)

   If the wielder is skilled in Evocations, they can discharge powerful blasts
   of elemental energy when striking with it.
   It enhances your fire, ice, earth and air magic.
   AC:        It affects your AC (+5).
   rF:        It greatly protects you from fire.
   rC:        It greatly protects you from cold.
   rElec:     It insulates you from electricity.
Armour
 a - a +0 robe (worn)
 e - the +2 cloak of the Hidden Vale {rPois rF- Str+2 Int+8}
   (You acquired it on level 4 of the Dungeon)

   Str:       It affects your strength (+2).
   Int:       It affects your intelligence (+8).
   rF:        It makes you vulnerable to fire.
   rPois:     It protects you from poison.
Jewellery
 g - the ring of Leaves (left hand) {rPois MP+9 Str+3 Int+6 Dex+4}
   (You acquired it on level 4 of the Dungeon)

   [ring of poison resistance]

   Str:       It affects your strength (+3).
   Int:       It affects your intelligence (+6).
   Dex:       It affects your dexterity (+4).
   rPois:     It protects you from poison.
   MP:        It affects your magic capacity (+9).
Scrolls
 d - 3 scrolls of identify {@r1}


   Skills:
 - Level 2.4 Dodging
 - Level 2.4 Stealth
 - Level 3.0 Spellcasting
 + Level 5.8 Conjurations


You had 5 spell levels left.
You knew the following spells:

 Your Spells              Type           Power      Damage    Failure   Level
a - Magic Dart            Conj           100%       1d8       1%          1
b - Searing Ray           Conj           100%       2d8       2%          2

Your spell library contained the following spells:

 Spells                   Type           Power      Damage    Failure   Level
 Static Discharge         Conj/Air       42%        N/A       5%          2
 Dazzling Flash           Conj/Hex       56%        N/A       10%         3
 Fulminant Prism          Conj/Hex       14%        3d9       30%         4
 Iskenderun's Mystic Bla  Conj/Tloc      28%        2d7       30%         4
 Sticky Flame             Conj/Fire      42%        2d6       30%         4
 Dispel Undead            Necr           5%         3d7       65%         4


Dungeon Overview and Level Annotations

Branches:
Dungeon (4/15)
 Temple: D:4-7

Altars:
The Shining One


Innate Abilities, Weirdness & Mutations

You are strong-willed. (Will+)
Your spells are a little harder to cast, but a little more powerful.
You expend magic power (3 MP) to strengthen your wands.
You have hidden genetic defects.


Message History

Confirm with . or Enter, or press ? or * to list all spells.
Aiming: Searing Ray (safe; 1% risk of failure)
Press: ? - help, Shift-Dir - straight line, f - hobgoblin
Aim: a hobgoblin (asleep, 100% to hit)
The searing ray hits the hobgoblin!
You kill the hobgoblin! (Press . to maintain the ray.)
You now have 14/17 mp.
You now have 1385 gold pieces (gained 10).
A bullfrog skeleton comes into view.
You regained 2 mp, and now have 16/17 mp.
Casting: Searing Ray (safe; 1% risk of failure)
Confirm with . or Enter, or press ? or * to list all spells.
Aiming: Searing Ray (safe; 1% risk of failure)
Press: ? - help, Shift-Dir - straight line, f - bullfrog skeleton
Aim: a bullfrog skeleton (93% to hit)
The searing ray hits the bullfrog skeleton!
The bullfrog skeleton is moderately damaged. (Press . to maintain the ray.)
You now have 14/17 mp.
The searing ray hits the bullfrog skeleton!
The bullfrog skeleton is severely damaged.
The searing ray hits the bullfrog skeleton!
You destroy the bullfrog skeleton!
You have reached level 3!
Your experience leads to an increase in your attributes!
Your base attributes are Str 4, Int 22, Dex 13.
Increase (S)trength, (I)ntelligence, or (D)exterity?
You feel clever. x2
Health restored: 19 You now have 12/18 mp.
There is a stone staircase leading down here.
You regained 3 mp, and now have 16/18 mp.
It was a potion of mutation.
You feel extremely strange.
You feel a hidden malignance growing inside you.
You feel your magical essence link to the dungeon's wands.
You feel less in control of your magic.
You feel strong-willed.
Unknown command.
Unknown command.
Are you sure you want to abandon this character and quit the game? (Confirm with "yes".)

#.############
#...........@#.#
###..........#
#..........#
#..#####..##
#..#?[)#..#
#..#[[/#..#
#..#?$$#..#
#..#####..#
#.........#


There were no monsters in sight!

Vanquished Creatures
  A bullfrog skeleton (D:4)
  A worm (D:2)
  2 endoplasms
  A hobgoblin (D:4)
  3 jackals (D:1)
  A kobold (D:1)
  2 ball pythons
  3 rats
14 creatures vanquished.

Notes
Turn   | Place    | Note
-------+----------+-------------------------------------------
     0 | D:1      | Psyclone the Deep Elf Conjurer began the quest for the Orb.
     0 | D:1      | Reached XP level 1. HP: 10/10 MP: 6/6
   178 | D:2      | Reached XP level 2. HP: 15/15 MP: 6/8
   181 | D:2      | Learned a level 2 spell: Searing Ray
   211 | D:2      | Reached skill level 5 in Conjurations
   273 | D:2      | Identified 3 scrolls of acquirement
   286 | D:3      | Found a glowing golden altar of the Shining One.
   337 | D:4      | Acquired the +2 cloak of the Hidden Vale {rPois rF- Str+2
                  | Int+8}
   387 | D:4      | Acquired the +3 Elemental Staff {rElec rF++ rC++ AC+5}
   387 | D:4      | Found the +3 Elemental Staff {rElec rF++ rC++ AC+5}
   438 | D:4      | Acquired the ring of Leaves {rPois MP+9 Str+3 Int+6 Dex+4}
   481 | D:4      | Acquired 1322 gold pieces
   524 | D:4      | Reached XP level 3. HP: 19/19 MP: 9/9
   548 | D:4      | Gained mutation: You have hidden genetic defects. [potion
                  | of mutation]
   548 | D:4      | Gained mutation: You expend magic power (3 MP) to
                  | strengthen your wands. [potion of mutation]
   548 | D:4      | Gained mutation: Your spells are a little harder to cast,
                  | but a little more powerful. [potion of mutation]
   548 | D:4      | Gained mutation: You are strong-willed. (Will+) [potion of
                  | mutation]
   549 | D:4      | Quit the game

Illustrated notes

Levels and vault maps discovered:
D:1:      wander_arrival_fairy_ring, layout_basic, chequers_serial_rivers_room_a
D:2:      layout_loops_ring, shapermc_ecumenical_altar_venn, uniq_natasha
D:3:      layout_loops_ring, mainiacjoe_overflow_chevrons,
          gammafunk_ghost_arena, hangedman_glass_teeth
D:4:      layout_basic, nicolae_hepliaklqana_monster_ancestors,
          due_unseen_surprise

Skill      XL: |  1  2 |
---------------+-------+-----
Conjurations   | 5 |  5.8
Dodging        | |  2.4
Stealth        | |  2.4
Spellcasting   | |  3.0

Action                   || total
-------------------------++-------
 Cast: Magic Dart        ||    14
       Searing Ray       ||     3
  Use: Scroll            ||     5
       Potion            ||     1
Dodge: Dodged            ||     1
